 Dungeon Crawl Stone Soup version 0.20-a0-331-g5b3579f (webtiles) character file.

6421 dondy the Severer (level 10, -4/89 HPs)
             Began as a Hill Orc Monk on Dec 21, 2016.
             Was a High Priest of Beogh.
             Slain by a five-headed hydra (13 damage)
             ... on level 10 of the Dungeon.
             The game lasted 00:48:03 (11541 turns).

dondy the Severer (Hill Orc Monk)                  Turns: 11541, Time: 00:48:04

Health: -4/89      AC: 11    Str: 18    XL:     10   Next: 98%
Magic:  10/10      EV: 13    Int: 10    God:    Beogh [*****.]
Gold:   495        SH:  0    Dex: 16    Spells: 9/9 levels left

rFire  . . .     SeeInvis .     K - +0 battleaxe
rCold  . . .     Gourm    .     I - +3 leather armour {MR+}
rNeg   . . .     Faith    .     (shield currently unavailable)
rPois  .         Spirit   .     k - +0 helmet
rElec  .         Reflect  .     j - +0 cloak
rCorr  .         Harm     .     T - +0 pair of gloves
MR     +....                    (no boots)
Stlth  +++.......               (no amulet)
                                y - +3 ring of dexterity
                                v - ring of stealth

@: no status effects
A: walk on water
a: Smiting, Recall Orcish Followers, Give Item to Named Follower, Renounce
Religion


You were on level 10 of the Dungeon.
You worshipped Beogh.
Beogh was extremely pleased with you.
You were not hungry.

You visited 1 branch of the dungeon, and saw 10 of its levels.
You also visited: Ossuary.

You collected 495 gold pieces.

Inventory:

Hand Weapons
 t - a +0 hand axe of venom
 A - a +0 lajatang
 K - a +0 battleaxe (weapon)
 L - a +0 battleaxe
 Q - a +1 dagger of distortion
 R - a -1 executioner's axe
Armour
 j - a +0 cloak (worn)
 k - a +0 helmet (worn)
 G - a +0 plate armour
 I - a +3 leather armour of magic resistance (worn)
 T - a +0 pair of gloves (worn)
Jewellery
 v - a ring of stealth (left hand)
 y - a +3 ring of dexterity (right hand)
 M - an uncursed ring of ice
Wands
 a - a wand of lightning (6/15)
 s - a wand of digging (15/24)
 B - a wand of iceblast (5/15)
 D - a wand of lightning (0/15)
 F - a wand of confusion (22/48)
 H - a wand of slowing (30/48)
Scrolls
 g - 4 scrolls of blinking
 l - 4 scrolls of remove curse
 m - 2 scrolls of magic mapping
 q - 11 scrolls of teleportation
 r - 5 scrolls of fog
 U - 2 scrolls of immolation {unknown}
 V - a scroll of enchant weapon {unknown}
Potions
 b - 3 potions of brilliance
 d - 3 potions of might
 e - 7 potions of curing
 f - 2 potions of flight {unknown}
 h - a potion of cure mutation {unknown}
 i - 2 potions of heal wounds
 n - 2 potions of agility
 o - a potion of cancellation {unknown}
 x - a potion of invisibility {unknown}
 C - 2 potions of resistance
 J - a potion of lignification {unknown}
 N - a potion of magic {unknown}
 O - 3 potions of mutation {unknown}
Books
 p - a book of Maledictions

   Spells                             Type                      Level
   a - Corona                         Hexes                        1
   b - Ensorcelled Hibernation        Hexes/Ice                    2
   c - Confuse                        Hexes                        3
   d - Tukima's Dance                 Hexes                        3
   e - Dazzling Spray                 Conjuration/Hexes            3
 u - a book of Cantrips

   Spells                             Type                      Level
   a - Confusing Touch                Hexes                        1
   b - Animate Skeleton               Necromancy                   1
   c - Summon Small Mammal            Summoning                    1
   d - Apportation                    Translocation                1
 S - a book of Power

   Spells                             Type                      Level
   a - Fulminant Prism                Conjuration/Hexes            4
   b - Iskenderun's Mystic Blast      Conjuration                  4
   c - Venom Bolt                     Conjuration/Poison           5
   d - Bolt of Magma                  Conjuration/Fire/Earth       5
   e - Iron Shot                      Conjuration/Earth            6
   f - Orb of Destruction             Conjuration                  7
   g - Spellforged Servitor           Conjuration/Summoning        7
Miscellaneous
 w - a lamp of fire
 z - a disc of storms
Comestibles
 c - 8 bread rations
 E - 4 chunks of flesh
 P - 2 meat rations
 W - 12 fruits
 X - 6 slices of pizza


   Skills:
 * Level 8.3 Fighting
 + Level 15.9 Axes
 + Level 8.7 Armour
 - Level 2.4 Dodging
 - Level 1.5 Stealth


You had 9 spell levels left.
You didn't know any spells.

Dungeon Overview and Level Annotations

Branches:
Dungeon (10/15)            Temple (0/1) D:4            Lair (0/6) D:10
    Orc: D:9-12

Altars:
Cheibriados
Dithmenos
Hepliaklqana
Kikubaaqudgha
Makhleb
Okawaru
Qazlal
Vehumet
Xom

Shops:
D:5 }   D:9 :   D:10 [

Annotations:
D:10 exclusion: killer bee, Fannar


Message History

* * * LOW HITPOINT WARNING * * *
Your orc knight hits the three-headed hydra with a battleaxe!
Unknown command.
Your orc knight hits the three-headed hydra with a war axe.
You chop one of the three-headed hydra's heads off!
The two-headed hydra grows two more!
You hit the four-headed hydra.
The four-headed hydra is heavily wounded.
The four-headed hydra misses you.
The four-headed hydra completely misses you.
The four-headed hydra bites you but does no damage. x2
Unknown command.
You chop one of the four-headed hydra's heads off!
The three-headed hydra grows two more!
You slice the five-headed hydra!!
The five-headed hydra is heavily wounded.
Your orc knight no longer looks unusually strong.
Your orc knight hits the five-headed hydra with a battleaxe!
The five-headed hydra bites you.
* * * LOW HITPOINT WARNING * * *
The five-headed hydra bites you!
You die...

##########
#.....#..#
#≈....'..#
###oo.÷.'..#
#.@D...)'..#
#.#.....#..#
########.#≈.P≈P##)#
#.....o..#P≈)≈≈#.%#
#....#####PP≈P.+).#
#...oo...##########
#.............
#........###
#........#


You could see a five-headed hydra and 2 friendly orc knights.

Vanquished Creatures
  Psyche (D:8)
  Grinder (D:6)
  Prince Ribbit (D:5)
  A hippogriff (D:9)
  Eustachio (D:6)
  A hungry ghost (D:9)
  2 yaks (D:10)
  Duvessa (D:6)
  An ice beast (D:10)
  2 orc warriors
  3 black bears
  2 ogres (D:5)
  3 big kobolds
  A bullfrog (D:8)
  4 water moccasin zombies (Ossuary)
  3 scorpions
  Dowan (D:6)
  3 howler monkeys
  6 wights
  3 crimson imps
  A bullfrog zombie (D:9)
  3 hounds
  A jelly (D:6)
  A centaur skeleton (D:6)
  An orc wizard (D:3)
  3 iguanas
  2 bullfrog skeletons (D:9)
  8 worker ants
  Natasha (twice) (D:3)
  5 big kobold zombies (Ossuary)
  2 mummies (Ossuary)
  Robin (D:3)
  9 adders
  5 gnolls (D:6)
  2 shadow imps
  An ooze (D:5)
  5 adder zombies
  An adder skeleton (D:8)
  4 worms
  4 dart slugs
  A leopard gecko (D:7)
  13 orcs
  4 giant cockroaches
  14 goblins
  16 hobgoblins
  20 jackals
  5 quokkas
  2 ball pythons
  9 bats
  3 frilled lizards
  A giant cockroach zombie (D:6)
  2 gnoll zombies (Ossuary)
  3 hobgoblin zombies (Ossuary)
  2 jackal skeletons (D:5)
  18 kobolds
  3 kobold zombies (Ossuary)
  A leopard gecko skeleton (D:4)
  8 orc zombies (Ossuary)
  A quokka skeleton (D:5)
  7 rats
  4 fungi (D:8)
  4 plants (D:6)
243 creatures vanquished.

Vanquished Creatures (collateral kills)
  A two-headed ogre (D:10)
  2 dream sheep (D:10)
  2 hippogriffs
  5 yaks (D:10)
  A hungry ghost (D:8)
  A phantom (D:7)
  2 ogres
  A centaur (D:7)
  A necrophage (D:8)
  2 big kobolds
  2 bullfrogs
  7 wights
  A crimson imp (D:9)
  A centaur skeleton (D:7)
  A bullfrog skeleton (D:7)
  An orc wizard (D:6)
  A worker ant (D:7)
  A worker ant zombie (D:6)
  3 adders (D:8)
  2 orcs (D:6)
  A hobgoblin (D:6)
  A jackal (D:9)
  A bat (D:8)
  A goblin (D:6)
  7 kobolds (D:6)
  6 fungi (D:8)
  8 plants
63 creatures vanquished.

Vanquished Creatures (others)
  An orc priest (D:7)
  Natasha (D:3)
  A worker ant (D:3)
  3 orcs
  A hobgoblin (D:3)
  29 plants (D:6)
36 creatures vanquished.

Grand Total: 342 creatures vanquished

Notes
Turn   | Place    | Note
-------+----------+-------------------------------------------
     0 | D:1      | dondy the Hill Orc Monk began the quest for the Orb.
     0 | D:1      | Reached XP level 1. HP: 19/19 MP: 1/1
   221 | D:1      | Reached XP level 2. HP: 19/26 MP: 2/2
   290 | D:1      | Reached skill level 5 in Axes
   604 | D:1      | Reached XP level 3. HP: 14/31 MP: 3/3
  1273 | D:2      | Found a radiant altar of Vehumet.
  1482 | D:2      | Reached skill level 6 in Axes
  1959 | D:3      | Reached XP level 4. HP: 39/39 MP: 4/4
  2071 | D:3      | Noticed Robin
  2108 | D:3      | Killed Robin
  2165 | D:3      | Reached skill level 7 in Axes
  2165 | D:3      | Reached XP level 5. HP: 45/45 MP: 5/5
  2311 | D:3      | Became a worshipper of Beogh the Brigand
  2311 | D:3      | Reached * piety under Beogh
  2311 | D:3      | Reached ** piety under Beogh
  2456 | D:3      | Noticed Natasha
  2465 | D:3      | Killed Natasha
  2465 | D:3      | Reached skill level 8 in Axes
  2536 | D:3      | Noticed Natasha
  2543 | D:3      | Killed Natasha
  2626 | D:3      | Reached XP level 6. HP: 46/51 MP: 6/6
  2816 | D:3      | Noticed Natasha
  2828 | D:3      | Killed Natasha
  2828 | D:3      | Reached skill level 9 in Axes
  3102 | D:4      | Found a burning altar of Makhleb.
  3674 | D:4      | Reached skill level 10 in Axes
  3674 | D:4      | Reached XP level 7. HP: 46/57 MP: 7/7
  3715 | D:4      | Found a shadowy altar of Dithmenos.
  4256 | D:4      | Found a staircase to the Ecumenical Temple.
  4283 | D:4      | Reached skill level 1 in Armour
  4375 | D:5      | Entered Level 5 of the Dungeon
  4818 | D:5      | Reached skill level 11 in Axes
  5071 | D:5      | Reached XP level 8. HP: 40/64 MP: 8/8
  5225 | D:5      | Found Imash's Quality Used Wands.
  5377 | D:5      | Noticed Prince Ribbit
  5382 | D:5      | Killed Prince Ribbit
  5486 | D:5      | Reached *** piety under Beogh
  5599 | D:6      | Noticed Grinder
  5600 | D:6      | Paralysed by Grinder for 5 turns
  5621 | D:6      | Killed Grinder
  5621 | D:6      | Reached skill level 12 in Axes
  5842 | D:6      | Found an iron altar of Okawaru.
  6182 | D:6      | Found a hazy altar of Hepliaklqana.
  6183 | D:6      | Found a shimmering altar of Xom.
  6184 | D:6      | Noticed a spectral ugly thing
  6349 | D:6      | Noticed Duvessa
  6402 | D:6      | Noticed Dowan
  6468 | D:6      | Killed Dowan
  6469 | D:6      | Killed Duvessa
  6469 | D:6      | Reached skill level 13 in Axes
  6787 | D:6      | Found a snail-covered altar of Cheibriados.
  6790 | D:6      | Reached skill level 5 in Armour
  6795 | D:6      | Reached XP level 9. HP: 70/70 MP: 9/9
  6889 | D:6      | Noticed Eustachio
  6913 | D:6      | Killed Eustachio
  7096 | D:6      | Found an ancient bone altar of Kikubaaqudgha.
  7188 | D:6      | Reached **** piety under Beogh
  7940 | D:7      | Reached skill level 14 in Axes
  8301 | D:7      | Found a shimmering altar of Xom.
  8465 | D:8      | Reached skill level 15 in Axes
  8474 | D:8      | Found a stormy altar of Qazlal.
  8574 | D:8      | Reached XP level 10. HP: 71/77 MP: 10/10
  8580 | D:8      | Found a sand-covered staircase.
  8585 | Ossuary  | Entered an ossuary
  9234 | D:8      | Reached ***** piety under Beogh
  9318 | D:8      | Noticed Psyche
  9965 | D:8      | Killed Psyche
  9965 | D:8      | Reached skill level 5 in Fighting
 10175 | D:9      | Found Cusoc's Book Shop.
 10859 | D:10     | Entered Level 10 of the Dungeon
 10918 | D:10     | Noticed Fannar
 11099 | D:10     | Found Cotusch's Armour Shoppe.
 11196 | D:10     | Found a staircase to the Lair.
 11271 | D:10     | Noticed a two-headed ogre
 11276 | D:10     | Killed a two-headed ogre
 11516 | D:10     | Noticed a two-headed hydra
 11541 | D:10     | Slain by a five-headed hydra

Vault maps used:
D:1:      saegor_arrival_simple_e
D:2:      vehumet_crystals
D:3:      serial_bayou_crossing, uniq_robin, uniq_natasha
D:4:      minmay_door_path, bloody_makhleb, old_standard_altar
D:5:      first_bread, nicolae_for_you_no_charge, uniq_prince_ribbit1
D:6:      kennysheep_kobold_camp, regret_index_temple_of_mockery,
          cheibriados_altar_wand_db, nicolae_overflow_hidden_temple,
          old_standard_altar, uniq_eustachio, uniq_grinder, uniq_duvessa
D:7:      xom_teletrap_fun
D:8:      old_forge, lemuel_doored_altar, enter_ossuary_5, uniq_psyche
D:9:      serial_shops, kennysheep_mini_moat
D:10:     dpeg_oklobed_lair, serial_shops, nicolae_shop_trees, hangedman_ranch,
          uniq_fannar, uniq_urug, uniq_sonja
Ossuary:  ossuary_tomb_2

Skill      XL: |  1  2  3  4  5  6  7  8  9 10 |
---------------+-------------------------------+-----
Axes           | 5 6 7 8 10 11 13 15 | 15.9
Armour         | 2 5 7 8 |  8.7
Fighting       | 8 |  8.3
Dodging        | |  2.4
Stealth        | |  1.5

Action                   |  1- 3 |  4- 6 |  7- 9 | 10-12 || total
-------------------------+-------+-------+-------+-------++-------
Melee: Hand axe          |    64 |       |       |       ||    64
       War axe           |    45 |   202 |   358 |       ||   605
       Battleaxe         |       |       |    45 |   198 ||   243
Invok: Convert to Beogh  |       |     1 |       |       ||     1
       Recall Orcish Fol |       |       |     1 |     1 ||     2
Evoke: Wand              |       |       |     3 |     2 ||     5
  Use: Scroll            |       |       |     8 |     8 ||    16
       Potion            |       |       |     2 |     1 ||     3
 Stab: Sleeping          |     3 |     5 |     5 |     8 ||    21
  Eat: Chunk             |     3 |     6 |    10 |     9 ||    28
       Pizza             |       |       |     1 |       ||     1
       Meat ration       |       |       |     1 |       ||     1
       Bread ration      |       |       |       |     1 ||     1
Armor: Robe              |    13 |       |       |       ||    13
       Ring mail         |    14 |    59 |     8 |       ||    81
       Chain mail        |       |       |    96 |       ||    96
       Leather armour    |       |       |    30 |    75 ||   105
Dodge: Dodged            |    77 |   106 |   159 |   135 ||   477
